 Dungeon Crawl Stone Soup version 0.19-a0-1341-g3513869 (webtiles) character file.

708419 mistymad the Apostle (level 27, -14/245 HPs)
             Began as a Hill Orc Fighter on Sept 1, 2016.
             Was a High Priest of Beogh.
             Killed from afar by a hellion (31 damage)
             ... with damnation
             ... on level 3 of the Dungeon.
             The game lasted 05:17:24 (83481 turns).

mistymad the Apostle (Hill Orc Fighter)            Turns: 83481, Time: 05:17:25

Health: -14/245    AC: 52    Str: 28    XL:     27
Magic:  32/32      EV: 18    Int:  6    God:    Beogh [*****.]
Gold:   4041       SH: 18    Dex: 18    Spells: 8 memorised, 26 levels left

rFire  + + +     SeeInvis +     e - +6 morningstar (holy)
rCold  + + +     Gourm    .     u - +12 gold dragon armour
rNeg   . . .     Faith    .     B - +2 shield {rC+ rF+}
rPois  +         Spirit   .     H - +1 helmet {SInv}
rElec  +         Dismiss  .     N - +2 cloak {+Inv}
rCorr  +         Reflect  .     y - +2 pair of gloves {rF+}
MR     +++++     Harm     .     A - +0 pair of boots {run}
Stlth  ..........               Q - amulet "Ablyefia" {Fragile rElec rF+ MR+++ Regen+}
                                b - ring of resist corrosion
                                I - ring of the Worm {Wiz rF+ rC+}

@: mighty, agile, exhausted, slowed, repel missiles, drained, very slow
A: walk on water, clumsy 2, dopey 1, frail 1, low mp 2, screaming 1, slow
regeneration 1, weak 1, MP-powered wands
a: Smiting, Recall Orcish Followers, Give Item to Named Follower, Renounce
Religion, Evoke Invisibility
0: Orb of Zot
}: 4/15 runes: decaying, serpentine, slimy, silver


You were on level 3 of the Dungeon.
You worshipped Beogh.
Beogh was extremely pleased with you.
You were full.

You visited 11 branches of the dungeon, and saw 55 of its levels.
You visited the Abyss 1 time.
You visited 1 ziggurat, and saw 7 of its levels.
You also visited: Ice Cave.

You collected 8621 gold pieces.
You spent 4580 gold pieces at shops.

Inventory:

Hand Weapons
 e - a +6 morningstar of holy wrath (weapon)
 i - the +9 sword of Zonguldrok {reap}
   (You found it on level 5 of the Pits of Slime)

   If a monster killed with it leaves a corpse in good enough shape, the corpse
   will be animated as a zombie friendly to the killer.
 q - a +9 eveningstar of freezing
 M - the +14 plutonium sword {*Contam Stlth-}
   (You found it on level 2 of the Snake Pit)

   It causes magical contamination when unequipped.
   It makes you less stealthy.
 T - the +1 halberd of Okawaru {holy, rElec rF+++ Dex-5 Stlth-}
   (You found it on level 5 of the Depths)

   It has been blessed by the Shining One to cause great damage to the undead
   and demons.
   It affects your dexterity (-5).
   It renders you almost immune to fire.
   It insulates you from electricity.
   It makes you less stealthy.
 Z - a +1 arbalest of velocity
Missiles
 x - 9 throwing nets (quivered)
Armour
 u - a +12 gold dragon armour (worn)
 y - a +2 pair of gloves of fire resistance (worn)
 A - a +0 pair of boots of running (worn)
 B - a +2 shield of resistance (worn)
 H - a +1 helmet of see invisible (worn)
 N - a +2 cloak of invisibility (worn)
Jewellery
 b - a ring of resist corrosion (right hand)
 r - the ring "Boagur" {+Fly rPois MR- Dex+8 Stlth-}
   (You took it off an ironbrand convoker on level 5 of the Vaults)

   [ring of loudness]

   It affects your dexterity (+8).
   It protects you from poison.
   It affects your resistance to hostile enchantments.
   It lets you fly.
   It makes you less stealthy.
 I - the ring of the Worm (left hand) {Wiz rF+ rC+}
   (You bought it in a shop on level 2 of the Orcish Mines)

   [ring of wizardry]

   It improves your spell success rate.
   It protects you from fire.
   It protects you from cold.
 Q - the amulet "Ablyefia" (around neck) {Fragile rElec rF+ MR+++ Regen+}
   (You found it on level 2 of the Orcish Mines)

   [amulet of regeneration]

   It protects you from fire.
   It insulates you from electricity.
   It affects your resistance to hostile enchantments.
   It increases your rate of regeneration.
   It will be destroyed if unequipped.
 U - the ring "Nyuhog" {+Blink rElec rPois}
   (You found it on level 4 of the Vaults)

   [ring of poison resistance]

   It insulates you from electricity.
   It protects you from poison.
   It lets you blink.
Wands
 z - a wand of teleportation (6/9)
 R - a wand of digging (13/24)
Scrolls
 h - 16 scrolls of recharging
 k - 8 scrolls of magic mapping
 l - a scroll of immolation
 m - 15 scrolls of identify
 n - 7 scrolls of teleportation
 o - a scroll of summoning
 t - 5 scrolls of fog
 v - 13 scrolls of fear
 C - a scroll of holy word
 F - 28 scrolls of remove curse
 P - 3 scrolls of blinking
 S - 5 scrolls of silence
Potions
 d - 4 potions of might
 j - 7 potions of brilliance
 s - 5 potions of agility
 w - 2 potions of magic
 J - a potion of ambrosia
 K - 13 potions of curing
 L - 7 potions of haste
 O - 4 potions of flight
 V - 4 potions of cancellation
 W - a potion of berserk rage
 X - 3 potions of resistance
Miscellaneous
 c - a phantom mirror
Comestibles
 f - 25 bread rations
 g - 28 meat rations


   Skills:
 O Level 27(26.7) Fighting
   Level 15.2(18.4) Axes
 - Level 15.7(17.1) Maces & Flails
 O Level 27(26.7) Armour
 - Level 9.6(9.4) Dodging
 + Level 18.7(18.5) Shields
 - Level 7.8(7.7) Spellcasting
 - Level 9.0(8.9) Charms
 - Level 9.9(9.7) Necromancy
 O Level 27(26.7) Invocations


You had 26 spell levels left.
You knew the following spells:

 Your Spells              Type           Power        Failure   Level  Hunger
a - Blink                 Tloc           N/A          89%         2    ##.....
b - Regeneration          Chrm/Necr      ##........   4%          3    ###....
c - Passwall              Tmut/Erth      #.........   89%         2    ##.....
d - Swiftness             Chrm/Air       #.......     16%         2    ##.....
e - Repel Missiles        Chrm/Air       #.....       16%         2    ##.....
f - Apportation           Tloc           #.........   77%         1    #......
g - Summon Butterflies    Summ           #.......     77%         1    #......
h - Song of Slaying       Chrm           ##......     3%          2    ##.....


Dungeon Overview and Level Annotations

Branches:
Dungeon (15/15)            Temple (1/1) D:7            Lair (6/6) D:10
  Swamp (4/4) Lair:3        Snake (4/4) Lair:4        Slime (5/5) Lair:6
    Orc (2/2) D:9             Elf (3/3) Orc:2        Vaults (5/5) D:13
  Crypt (0/3) Vaults:2     Depths (5/5) D:15            Zot (5/5) Depths:5

Altars:
Ashenzari
Cheibriados
Dithmenos
Elyvilon
Fedhas
Gozag
Hepliaklqana
Kikubaaqudgha
Makhleb
Nemelex Xobeh
Okawaru
Qazlal
Ru
Sif Muna
Trog
Uskayaw
Vehumet
Xom
Yredelemnul
Zin
The Shining One
Beogh
Jiyva
Lugonu

Shops:
D:4 [   D:5 !   D:7 *:%   D:11 !   D:14 *   Orc:2 =**(   Elf:1 ==}   Elf:2 (*
Snake:1 *(}:?   Vaults:4 :   Vaults:5 %   Depths:4 *[

Portals:
Hell: Lair:6 Depths:1 Depths:2 Depths:3 Depths:4 Depths:5
Abyss: Depths:4
Pandemonium: Depths:1 Depths:2 Depths:3 Depths:4

Annotations:
D:12 Nergalle


Innate Abilities, Weirdness & Mutations

You can walk on water.
You are very clumsy. (Dex -4)
You are dopey. (Int -2)
You are frail. (-10% HP)
Your magical capacity is very low. (-20% MP)
You occasionally shout uncontrollably at your foes.
You regenerate slowly when monsters are visible.
You are weak. (Str -2)
You expend magic power (3 MP) to strengthen your wands.


Message History

* * * LOW HITPOINT WARNING * * *
Ceh Xomi calls on the powers of darkness!
Your body is wracked with pain!
* * * LOW HITPOINT WARNING * * *
You take 36 damage, and have 15/245 hp.
The neqoxec gestures at you.
Something tries to feed on your intellect!
The neqoxec gestures at you.
Something tries to feed on your intellect!
Your surroundings suddenly seem different.
A hellion comes into view.
You're too exhausted to go berserk.
You feel better. The hellion gestures at you.
The sphere of damnation explodes!
The damnation engulfs you!
* * * LOW HITPOINT WARNING * * *
The damnation engulfs the hellion.
The hellion completely resists.
The hellion gestures at you.
The sphere of damnation explodes!
The damnation engulfs you!
You die...

###################
..................#
.################.#
.# #........# .#
#......@<#### .#
#......2....# .#
#...........# .#
#...........# .#
#...........# .#
##### #...........#
.# #...#
#########.).#######
## #...#
#.........#
####...#
#.........#


You could see a hellion.

Vanquished Creatures
  the Royal Jelly (Slime:5)
  The ghost of Sapher the Skullcrusher, a legendary OgBe of Trog (Zot:5)
  Mara (Depths:4)
  9 ancient liches
  6 orbs of fire
  Sojobo (Vaults:4)
  Boris (Depths:1)
  Frederick (Vaults:3)
  the Lernaean hydra (Swamp:4)
  4 curse toes
  2 Killer Klowns (Zot:5)
  A profane servitor (D:4)
  A pandemonium lord (Depths:2)
  8 golden dragons
  2 bone dragons
  3 liches
  2 Tzitzimimeh
  Jorgrun (Vaults:5)
  2 electric golems
  9 tentacled monstrosities
  An Ice Fiend (Depths:2)
  29 Orb Guardians
  2 Hell Sentinels (D:4)
  7 titans
  6 death cobs
  3 deep elf master archers (Elf:3)
  3 deep elf blademasters (Elf:3)
  25 acid blobs
  A sphinx (shapeshifter) (Zig:1)
  2 sphinxes
  3 Executioners
  7 shadow dragons
  15 storm dragons
  2 thorn hunters
  4 tengu reavers
  2 draconian monks
  10 azure jellies
  7 fire giants
  3 deep elf sorcerers
  2 draconian shifters
  A greater naga (Snake:4)
  2 cacodemons
  3 draconian scorchers
  3 draconian knights
  An iron dragon (Depths:4)
  19 vault wardens
  A balrug (D:8)
  11 frost giants
  A corrupter (Depths:5)
  5 orc warlords
  2 ghost moths
  Aizul (Snake:2)
  2 draconian zealots
  5 deep elf elementalists (Elf:3)
  An angel (Elf:1)
  12 ironheart preservers
  9 very ugly things
  A caustic shrike skeleton (D:15)
  16 stone giants
  5 war gargoyles
  5 spriggan defenders
  The ghost of twist the Severer, a journeyman HOFi of Beogh (IceCv)
  An entropy weaver (Vaults:1)
  5 yellow draconians
  5 green draconians
  2 vampire knights
  5 draconian callers
  3 deep elf demonologists
  5 black draconians
  4 spark wasps
  4 purple draconians
  Nessos (Lair:5)
  6 white draconians
  6 deep elf annihilators
  6 red draconians
  A dire elephant (Lair:6)
  6 mottled draconians
  A blizzard demon (D:4)
  6 deep elf death magi
  An eidolon (Depths:2)
  2 crystal guardians (Depths:1)
  10 ettins
  A merfolk javelineer (Depths:3)
  20 fire dragons
  7 deep elf high priests
  11 yaktaur captains
  2 jiangshi (Depths:2)
  A mummy priest (Zig:5)
  5 death oozes
  18 great orbs of eyes
  13 ice dragons
  33 vault guards
  6 naga warriors
  12 ogre magi
  3 rakshasas
  2 hell beasts
  17 hydras
  Erolcha (D:9)
  3 spriggan air magi
  A ghost crab (Swamp:2)
  4 centaur warriors
  Erica (Lair:2)
  5 anacondas
  A death knight (Vaults:1)
  A queen ant (Lair:3)
  4 tengu warriors
  34 dancing weapons
  10 death yaks
  3 vampire magi (Depths:2)
  5 deep troll earth magi
  11 alligators
  9 deep troll shamans
  A hell hog (Zig:4)
  An orc high priest (Orc:2)
  4 spriggan berserkers (Depths:5)
  8 naga sharpshooters
  Urug (Lair:4)
  Sonja (Lair:4)
  3 sun demons
  3 shock serpents
  13 hell knights
  A salamander mystic (Snake:3)
  6 iron trolls
  5 soul eaters
  7 sixfirhies
  9 skeletal warriors
  23 deep elf knights
  A sea snake (shapeshifter) (Elf:1)
  2 shadow wraiths
  A cherub (D:4)
  A death drake (shapeshifter) (Vaults:4)
  25 deep trolls
  12 giant orange brains
  3 shadow demons
  12 deep elf archers
  An unseen horror (Vaults:1)
  A gelid demonspawn (Depths:5)
  A giant orange brain (shapeshifter) (Vaults:3)
  Pikel (D:9)
  6 naga ritualists
  6 swamp dragons
  A small abomination (Zot:2)
  3 spriggan druids (Depths:3)
  A shambling mangrove (Swamp:2)
  9 wizards
  A death drake (Depths:2)
  A putrid demonspawn (Depths:1)
  2 orange crystal statues (Depths:2)
  3 spectral hydras (Depths:2)
  7 flayed ghosts
  2 infernal demonspawn (D:4)
  5 hill giants
  A lindwurm (shapeshifter) (Vaults:5)
  An obsidian statue (Zig:4)
  6 phantasmal warriors
  16 ironbrand convokers
  A sphinx zombie (Zig:4)
  2 mana vipers
  6 necromancers
  A wolf spider zombie (D:15)
  8 shining eyes
  64 deep elf magi
  A harpy (shapeshifter) (Depths:1)
  8 orc knights
  3 orc sorcerers
  3 wolf spiders (Vaults:3)
  3 harpies (Vaults:4)
  An orb spider (Zot:2)
  5 hornets
  A salamander (shapeshifter) (Depths:2)
  A faun (D:10)
  9 salamanders
  5 griffons
  5 elephants
  31 ugly things
  3 ice statues (IceCv)
  21 moths of wrath
  A toenail golem (D:4)
  13 vault sentinels
  4 cyclopes
  2 guardian serpents (shapeshifter)
  3 rust devils
  21 black mambas
  17 naga magi
  A human skeleton (Vaults:2)
  3 stone giant skeletons
  5 smoke demons
  5 eyes of devastation
  20 spiny frogs
  7 orange demons
  4 gargoyles
  3 hellions
  2 efreet (D:4)
  A spiny frog (shapeshifter) (Depths:5)
  4 ice devils
  10 komodo dragons
  A rime drake (Lair:5)
  A kobold demonologist (D:12)
  7 hellwings
  2 freezing wraiths
  4 tengu conjurers
  A tormentor (Zot:3)
  53 yaktaurs
  An anaconda simulacrum (Depths:2)
  4 jumping spiders
  7 red devils
  3 spectral merfolk (Depths:2)
  4 guardian mummies (Zig:5)
  7 trolls
  A wind drake (shapeshifter) (Depths:1)
  A jumping spider (shapeshifter) (Depths:5)
  18 two-headed ogres
  9 giant leeches
  A raiju (shapeshifter) (Zig:6)
  Prince Ribbit (D:5)
  A meliai (shapeshifter) (Vaults:5)
  7 raiju
  A bog body (Swamp:1)
  24 blink frogs
  96 slime creatures
  A meliai zombie (D:12)
  5 boulder beetles
  13 air elementals
  15 water elementals
  3 shadows
  A spriggan skeleton (D:15)
  2 redbacks
  12 spriggans
  2 ushabtiu (Zig:5)
  2 tarantellas
  A hog (shapeshifter) (Vaults:3)
  A large abomination (D:4)
  A vampire (D:11)
  2 wyverns
  A spriggan (shapeshifter) (Depths:3)
  5 fire elementals
  A basilisk (shapeshifter) (Vaults:1)
  11 wraiths
  2 basilisks
  4 fire bats (Depths:1)
  37 yaks
  4 humans (D:13)
  7 hippogriffs
  5 chaos spawn
  3 golden eyes
  A steam dragon (shapeshifter) (Elf:3)
  4 hungry ghosts
  Edmund (D:6)
  12 wargs
  24 nagas
  10 vampire mosquitoes
  3 mottled dragons
  19 swamp worms
  4 hell hounds
  The ghost of Multipenetrator the Caller, an amateur DESu (D:5)
  7 soldier ants
  10 water moccasins
  A giant eyeball (shapeshifter) (Vaults:5)
  2 hydra simulacra (Depths:2)
  A snapping turtle zombie (Depths:2)
  6 porcupines
  A porcupine (shapeshifter) (Vaults:2)
  Duvessa (D:4)
  3 spectral trolls (Depths:2)
  3 giant eyeballs
  6 ice beasts (IceCv)
  29 orc warriors
  10 swamp drakes
  4 sky beasts
  4 spectral spriggans
  A black bear (shapeshifter) (Vaults:2)
  A necrophage (D:13)
  A black bear (D:12)
  A slave (D:9)
  An ice beast (shapeshifter) (Depths:2)
  35 ogres
  3 phantoms
  4 boggarts (Vaults:2)
  14 wasps
  19 wolves
  3 eyes of draining
  8 centaurs
  12 crocodiles
  A big kobold (D:8)
  5 earth elementals
  9 giant frogs
  Dowan (D:4)
  3 scorpions
  A troll zombie (D:9)
  A wyvern skeleton (D:8)
  A water moccasin skeleton (D:6)
  3 human simulacra
  9 killer bees
  4 spectral ogres (Depths:2)
  7 wights
  A spectral naga (Depths:2)
  2 howler monkeys
  A spectral centaur (Depths:2)
  8 crimson imps
  5 centaur zombies
  6 quasits
  9 hounds
  2 giant frog skeletons
  4 centaur skeletons
  An iron imp (D:4)
  6 jellies
  11 orc priests
  13 orc wizards
  7 iguanas
  2 hell rats (Lair:4)
  31 worker ants
  A spriggan simulacrum (Depths:2)
  5 ogre zombies (D:9)
  4 hound zombies
  2 hound skeletons (D:11)
  7 mummies (Zig:5)
  A worker ant zombie (D:6)
  Robin (D:4)
  16 gnolls
  13 adders
  45 river rats
  A shadow imp (D:11)
  5 ufetubi
  An ooze (D:5)
  4 adder skeletons
  3 worms
  4 dart slugs
  4 giant geckos
  44 orcs
  9 bats
  4 giant cockroaches
  12 hobgoblins
  2 jackals (D:6)
  16 kobolds
  3 quokkas
  A giant gecko skeleton (D:4)
  A giant gecko zombie (D:5)
  7 giant newts
  12 goblins
  2 goblin skeletons (D:9)
  5 goblin zombies (D:9)
  A hobgoblin skeleton (D:9)
  2 hobgoblin zombies (D:9)
  8 orc zombies (D:9)
  A quokka zombie (D:5)
  22 rats
  A briar patch (Swamp:2)
  2 fire vortices (D:8)
2240 creatures vanquished.

Vanquished Creatures (collateral kills)
  2 ancient liches
  Saint Roka (Snake:2)
  A Killer Klown (Zot:5)
  Vashnia (Snake:2)
  A bone dragon (Zot:2)
  A tentacled monstrosity (Zot:2)
  Rupert (Lair:5)
  3 Orb Guardians (Zot:5)
  A quicksilver dragon (Vaults:5)
  A titan (Vaults:5)
  A sphinx (Vaults:2)
  2 storm dragons
  2 tengu reavers
  5 shadow dragons
  A draconian monk (Zot:1)
  6 greater nagas
  A frost giant (Depths:5)
  3 fire giants (Vaults:5)
  2 deep elf sorcerers
  An iron dragon (Depths:5)
  4 vault wardens
  An orc warlord (Orc:1)
  An angel (Elf:1)
  A draconian zealot (Zot:1)
  A draconian annihilator (Zot:1)
  2 war gargoyles
  A draconian caller (Zot:1)
  A draconian shifter (Depths:5)
  3 ironheart preservers
  6 stone giants
  An entropy weaver (Vaults:3)
  A deep elf demonologist (Elf:3)
  5 red draconians
  3 yellow draconians
  2 spark wasps (Depths:5)
  2 deep elf annihilators (Elf:3)
  A black draconian (Zot:1)
  2 white draconians
  Snorg (D:14)
  2 mottled draconians
  3 purple draconians (Zot:1)
  A deep elf death mage (Vaults:5)
  3 ettins
  An ettin (shapeshifter) (Vaults:5)
  11 slime creatures
  A fire dragon (Zot:5)
  7 hydras
  The ghost of 4thArraOfDagon the Grappler, a journeyman TrIE of Jiyva (Lair:6)
  A great orb of eyes (Vaults:3)
  A deep elf high priest (Vaults:5)
  2 rakshasas
  4 ice dragons
  6 naga warriors
  2 yaktaur captains
  5 anacondas
  5 vault guards
  A centaur warrior (Vaults:3)
  4 dancing weapons
  An alligator (Swamp:4)
  2 deep troll shamans
  A death knight (Vaults:4)
  2 death yaks (Lair:6)
  An ogre mage (D:15)
  A tengu warrior (Depths:5)
  A vampire mage (D:15)
  2 orc high priests (Orc:2)
  A titan zombie (D:15)
  3 deep elf knights
  2 hell knights (Vaults:5)
  2 shock serpents (Snake:1)
  9 naga sharpshooters
  4 skeletal warriors
  A shadow wraith (Vaults:2)
  3 salamander mystics
  An entropy weaver zombie (Vaults:2)
  6 deep trolls
  5 swamp dragons (Swamp:4)
  3 ironbrand convokers
  7 wizards
  A hill giant (D:15)
  3 naga ritualists (Snake:4)
  2 harpies (Vaults:4)
  3 deep elf archers
  6 orc knights
  4 mana vipers
  A necromancer (D:15)
  15 deep elf magi
  3 salamanders
  2 orc sorcerers
  6 cyclopes
  14 ugly things
  4 griffons
  A moth of wrath (Zot:2)
  3 manticores
  An elephant (Lair:6)
  A salamander (shapeshifter) (Vaults:5)
  20 naga magi
  An elephant (shapeshifter) (Vaults:5)
  2 guardian serpents
  11 black mambas
  3 vault sentinels
  A smoke demon (Lair:6)
  A gargoyle (D:14)
  3 orange demons (Lair:6)
  16 yaktaurs
  A centaur skeleton (D:13)
  4 spiny frogs
  3 freezing wraiths
  2 komodo dragons (Lair:6)
  2 ice devils
  A red devil (Lair:6)
  5 trolls
  A troll (shapeshifter) (Vaults:2)
  2 giant leeches (Swamp:1)
  A deep troll zombie (D:15)
  3 two-headed ogres (Orc:2)
  5 blink frogs
  2 bog bodies (Swamp:1)
  A frost giant simulacrum (Vaults:1)
  A meliai zombie (D:13)
  A redback (Vaults:3)
  An air elemental (Elf:1)
  A wyvern (D:14)
  A water elemental (Elf:2)
  A tarantella (Zot:2)
  4 hippogriffs
  14 humans (D:13)
  12 yaks
  A fire elemental (Elf:2)
  A hungry ghost (D:15)
  A vampire mosquito (D:15)
  5 insubstantial wisps (Swamp:1)
  29 nagas
  A soldier ant (D:13)
  3 hell hounds
  5 wargs
  7 water moccasins
  21 orc warriors
  A phantom (D:11)
  3 swamp drakes
  A sky beast (D:13)
  2 necrophages
  An ettin simulacrum (Vaults:4)
  2 wasps (Zot:2)
  2 centaurs
  14 ogres
  A wolf (Depths:2)
  A crocodile (Lair:6)
  3 giant frogs
  An earth elemental (Elf:1)
  A human simulacrum (Vaults:4)
  5 killer bees (D:9)
  2 wights
  3 howler monkeys (D:13)
  3 crimson imps
  6 orc priests
  2 jellies
  An orc wizard (Vaults:1)
  3 worker ants
  A worker ant zombie (D:11)
  4 gnolls (D:9)
  A river rat (Lair:6)
  A giant gecko (D:6)
  19 orcs
  A quokka (D:9)
  5 fungi
  9 plants
  2 withered plants (D:15)
567 creatures vanquished.

Vanquished Creatures (others)
  A pandemonium lord (D:8)
  A draconian zealot (Zot:5)
  6 orc warlords
  A white draconian (Depths:5)
  A hydra (Swamp:4)
  2 dancing weapons
  2 orc high priests
  2 deep elf knights
  31 orc knights
  Nergalle (D:12)
  A spriggan druid (Swamp:4)
  A necromancer (Depths:4)
  A deep elf mage (Elf:1)
  10 orc sorcerers
  A guardian serpent (Snake:4)
  2 naga magi (Snake:4)
  A spiny frog (Swamp:2)
  A spectral merfolk (Depths:2)
  A two-headed ogre (D:15)
  A blink frog (Swamp:4)
  A spriggan (Swamp:4)
  A naga (Snake:3)
  48 orc warriors
  A wasp (Zot:2)
  3 slaves (D:9)
  2 ogres
  41 orc priests
  15 orc wizards
  A worker ant (D:9)
  125 orcs
  An orc skeleton (D:9)
  3 briar patches
  A fire vortex (Elf:2)
  6 fungi
  29 plants
346 creatures vanquished.

Grand Total: 3153 creatures vanquished

Notes
Turn   | Place    | Note
-------+----------+-------------------------------------------
     0 | D:1      | mistymad the Hill Orc Fighter began the quest for the Orb.
     0 | D:1      | Reached XP level 1. HP: 19/19 MP: 1/1
    88 | D:1      | Reached XP level 2. HP: 15/27 MP: 2/2
   374 | D:1      | Reached XP level 3. HP: 33/33 MP: 3/3
  1196 | D:2      | Found a blossoming altar of Fedhas.
  1267 | D:2      | Reached XP level 4. HP: 40/40 MP: 4/4
  1608 | D:2      | Reached skill level 5 in Axes
  2178 | D:3      | Reached XP level 5. HP: 46/46 MP: 5/5
  2466 | D:3      | Reached XP level 6. HP: 34/53 MP: 6/6
  3202 | D:4      | Noticed Robin
  3217 | D:4      | Killed Robin
  3317 | D:4      | Got a fine whip
  3318 | D:4      | Identified the +3 whip "Patuono" {freeze, rN+} (You found it on level 4 of the Dungeon)
  3376 | D:4      | Reached skill level 5 in Fighting
  3451 | D:4      | Reached XP level 7. HP: 61/61 MP: 7/7
  3569 | D:4      | Noticed Duvessa
  3572 | D:4      | Noticed Dowan
  3581 | D:4      | Killed Duvessa
  3581 | D:4      | Reached skill level 5 in Armour
  3593 | D:4      | Killed Dowan
  4093 | D:4      | Found Olienn's Antique Armour Shop.
  4096 | D:4      | Bought a runed cloak for 103 gold pieces
  4408 | D:5      | Entered Level 5 of the Dungeon
  4470 | D:5      | Reached skill level 5 in Shields
  4484 | D:5      | Noticed Multipenetrator's ghost (amateur DESu)
  4625 | D:4      | Reached XP level 8. HP: 64/70 MP: 6/8
  4748 | D:5      | Noticed Prince Ribbit
  4766 | D:5      | Killed Prince Ribbit
  5044 | D:5      | Killed Multipenetrator's ghost
  5116 | D:5      | Found Ruciriut's Distillery.
  5213 | D:5      | Found an opulent altar of Gozag.
  5710 | D:6      | Noticed Edmund
  5733 | D:6      | Killed Edmund
  5865 | D:6      | Reached XP level 9. HP: 78/78 MP: 9/9
  6128 | D:7      | Found a deep blue altar of Sif Muna.
  6160 | D:7      | Became a worshipper of Beogh the Brigand
  6165 | D:7      | Reached skill level 10 in Axes
  6181 | D:7      | Paralysed by fainting for 8 turns
  6325 | D:7      | Found an iron altar of Okawaru.
  6440 | D:7      | Found Piungitt's Assorted Antiques.
  6464 | D:7      | Bought a scroll labeled ONUFUHINWA for 20 gold pieces
  6464 | D:7      | Bought a scroll labeled ONIEC WOAGUIRHURA for 20 gold pieces
  6464 | D:7      | Bought a scroll labeled IXAOTHRO CEOCU for 20 gold pieces
  6464 | D:7      | Bought a scroll labeled KORUYNL JAEBEM for 20 gold pieces
  6464 | D:7      | Bought a shiny silver wand for 80 gold pieces
  6464 | D:7      | Bought a fuming inky potion for 18 gold pieces
  6543 | D:7      | Found an ancient bone altar of Kikubaaqudgha.
  6547 | D:7      | Found a shadowy altar of Dithmenos.
  6553 | D:7      | Found a sacrificial altar of Ru.
  6555 | D:7      | Found a staircase to the Ecumenical Temple.
  6557 | D:7      | Found Woyn's Food Emporium.
  6622 | Temple   | Entered the Ecumenical Temple
  6728 | D:7      | Reached skill level 1 in Invocations
  6765 | D:7      | Found Bier's Book Emporium.
  7226 | D:8      | Reached * piety under Beogh
  7855 | D:9      | Found a staircase to the Orcish Mines.
  7920 | D:9      | Reached XP level 10. HP: 78/88 MP: 12/12
  7926 | D:9      | Reached ** piety under Beogh
  7991 | D:9      | Noticed Pikel
  8015 | D:9      | Killed Pikel
  8092 | D:9      | Noticed Erolcha
  8100 | D:10     | Entered Level 10 of the Dungeon
  8202 | D:10     | Found a staircase to the Lair.
  8329 | D:10     | Noticed a hill giant
  8358 | D:10     | Killed a hill giant
  8679 | D:10     | Reached skill level 5 in Invocations
  9538 | Lair:1   | Entered Level 1 of the Lair of Beasts
  9626 | Lair:1   | Reached *** piety under Beogh
  9789 | Lair:1   | Noticed an elephant
  9793 | Lair:1   | Noticed an elephant
  9794 | Lair:1   | Noticed an elephant
  9796 | Lair:1   | Noticed an elephant
  9826 | D:10     | Killed an elephant
  9826 | D:10     | Reached XP level 11. HP: 76/97 MP: 10/15
 10972 | Lair:1   | Noticed a faun
 11257 | D:10     | Noticed a hill giant
 11273 | D:10     | Killed a hill giant
 11323 | D:10     | Killed a faun
 11495 | Lair:1   | Reached skill level 10 in Fighting
 11675 | Lair:1   | Reached **** piety under Beogh
 11675 | Lair:1   | Reached XP level 12. HP: 91/106 MP: 17/17
 12132 | Lair:1   | Reached skill level 15 in Axes
 12347 | Lair:1   | Identified Nox Yfue's Handbook of Quantum Evil Magic
 12352 | Lair:1   | Learned a level 2 spell: Blink
 12356 | Lair:1   | Learned a level 3 spell: Regeneration
 13029 | Lair:2   | Noticed Erica
 13034 | Lair:2   | Killed Erica
 13388 | Lair:2   | Reached skill level 1 in Maces & Flails
 13388 | Lair:2   | Reached skill level 10 in Armour
 13554 | Lair:3   | Found a staircase to the Swamp.
 13736 | Lair:3   | Noticed a six-headed hydra
 13750 | Lair:3   | Killed a six-headed hydra
 13750 | Lair:3   | Reached skill level 10 in Shields
 14400 | Lair:3   | Reached ***** piety under Beogh
 14413 | Lair:3   | Noticed a queen ant
 14452 | Lair:3   | Killed a queen ant
 14869 | Lair:4   | Noticed Urug
 14869 | Lair:4   | Noticed Sonja
 14869 | Lair:4   | Noticed a four-headed hydra
 14870 | Lair:4   | Cast into level 2 of the Abyss (Sonja)
 14925 | Abyss:2  | Noticed a balrug
 14931 | Abyss:2  | Noticed an ironheart preserver
 14935 | Lair:4   | Escaped the Abyss
 14949 | Lair:3   | Killed a four-headed hydra
 14949 | Lair:3   | Reached XP level 13. HP: 71/116 MP: 18/20
 15038 | Lair:4   | Reached skill level 5 in Maces & Flails
 15138 | Lair:4   | Killed Sonja
 15185 | Lair:4   | Killed Urug
 15537 | Lair:4   | Found a staircase to the Snake Pit.
 16431 | Lair:5   | Gained mutation: Your body sometimes deteriorates upon taking damage. [potion of mutation]
 16431 | Lair:5   | Gained mutation: You have a pair of small horns on your head. [potion of mutation]
 16432 | Lair:5   | Lost mutation: You have a pair of small horns on your head. [potion of cure mutation]
 16432 | Lair:5   | Lost mutation: Your body sometimes deteriorates upon taking damage. [potion of cure mutation]
 16561 | Lair:5   | Noticed Rupert
 16561 | Lair:5   | Noticed Nessos
 16587 | Lair:5   | Killed Rupert
 16587 | Lair:5   | Reached skill level 10 in Invocations
 16626 | Lair:5   | Killed Nessos
 17172 | Lair:5   | Learned a level 2 spell: Passwall
 17175 | Lair:5   | Learned a level 2 spell: Swiftness
 18012 | Lair:6   | Entered Level 6 of the Lair of Beasts
 18012 | Lair:6   | Noticed 4thArraOfDagon's ghost (journeyman TrIE)
 18306 | Lair:6   | Killed 4thArraOfDagon's ghost
 18625 | Lair:6   | Gained Wulfoc as an ally
 18769 | Lair:6   | Reached XP level 14. HP: 116/127 MP: 22/22
 18833 | Lair:6   | Found a viscous altar of Jiyva.
 18833 | Lair:6   | Found a staircase to the Slime Pits.
 19447 | Lair:6   | Noticed a dire elephant
 19479 | Lair:6   | Killed a dire elephant
 19981 | Lair:6   | Found a burning altar of Makhleb.
 20636 | Lair:6   | Found a gateway to Hell.
 20976 | D:9      | Found a glowing golden altar of the Shining One.
 21092 | D:9      | Killed Erolcha
 21223 | D:4      | Bought a translucent chain mail for 218 gold pieces
 21233 | D:4      | Identified the +3 chain mail of Niuloj {MP+9 Int-3 Dex+3} (You bought it in a shop on level 4 of the Dungeon)
 21407 | D:9      | Got a smelly plate armour
 21418 | D:9      | Identified the +3 plate armour "Kydoputi" {rC+} (You found it on level 9 of the Dungeon)
 22406 | D:11     | Learned a level 2 spell: Repel Missiles
 22458 | D:11     | Reached ****** piety under Beogh
 22620 | D:11     | Found Fidwos's Distillery.
 22966 | D:12     | Noticed Nergalle
 22975 | D:12     | Your ally died
 23669 | D:13     | Gained Gorbash as an ally
 23796 | D:13     | Got a crystal dagger
 23800 | D:13     | Identified the +11 dagger of Wolloxzanwas {pain, Dex+6} (You found it on level 13 of the Dungeon)
 23901 | D:13     | Gained Borgun as an ally
 23959 | D:13     | Reached XP level 15. HP: 135/136 MP: 24/24
 24001 | D:13     | Found a gate to the Vaults.
 24491 | D:13     | Learned a level 1 spell: Apportation
 24909 | D:14     | Found Ecviblaw's Assorted Antiques.
 24917 | D:14     | Bought a scroll of identify for 64 gold pieces
 24948 | D:14     | Reached skill level 10 in Maces & Flails
 25085 | D:14     | Noticed Snorg
 25092 | D:14     | Killed Snorg
 25866 | D:15     | Entered Level 15 of the Dungeon
 25950 | D:15     | Found a deep blue altar of Sif Muna.
 25999 | D:15     | Found a frozen archway.
 26008 | IceCv    | Entered an ice cave
 26324 | IceCv    | Noticed twist's ghost (journeyman HOFi)
 26415 | IceCv    | Killed twist's ghost
 26456 | IceCv    | Got a heavily runed ice dragon armour
 26467 | IceCv    | Identified the cursed +1 ice dragon armour "Ecurgh" {+Fly rPois rF- rC++ Slay+2} (You found it in an ice cave)
 27099 | D:15     | Found a staircase to the Depths.
 27775 | D:11     | Gained Gorbash as an ally
 27875 | Orc:1    | Entered Level 1 of the Orcish Mines
 27903 | Orc:1    | Noticed an orc warlord
 28223 | Orc:2    | Entered Level 2 of the Orcish Mines
 28771 | Orc:2    | Noticed an orc warlord
 28773 | Orc:2    | Found a roughly hewn altar of Beogh.
 28816 | Orc:2    | Found Ilebiem's Antique Weapon Boutique.
 28931 | Orc:2    | Found Joopexui's General Store.
 28950 | Orc:2    | Bought the amulet "Sephad" {Faith rElec rPois rC++ Str-3} for 971 gold pieces
 28950 | Orc:2    | Bought a scroll of teleportation for 42 gold pieces
 28950 | Orc:2    | Bought a scroll of identify for 28 gold pieces
 29183 | Orc:2    | Found a roughly hewn altar of Beogh.
 29474 | Orc:2    | Found Duhiwiedgh's General Store.
 29498 | Orc:2    | Reached skill level 15 in Invocations
 29513 | Orc:2    | Found Iclamat's Jewellery Boutique.
 29516 | Orc:2    | Reached XP level 16. HP: 140/147 MP: 27/27
 29775 | Orc:2    | Found a staircase to the Elven Halls.
 29859 | Orc:2    | Got a glittering emerald amulet
 29860 | Orc:2    | Identified the amulet "Ablyefia" {Fragile rElec rF+ MR+++ Regen+} (You found it on level 2 of the Orcish Mines)
 30058 | Orc:1    | Found a roughly hewn altar of Beogh.
 30406 | Orc:2    | Bought the ring of the Worm {Wiz rF+ rC+} for 816 gold pieces
 30478 | Elf:1    | Entered Level 1 of the Elven Halls
 30554 | Elf:1    | Found a glowing golden altar of the Shining One.
 30554 | Elf:1    | Found a glowing silver altar of Zin.
 30563 | Elf:1    | Found a white marble altar of Elyvilon.
 30563 | Elf:1    | Found a ruined silver gateway.
 30727 | Swamp:1  | Entered Level 1 of the Swamp
 31062 | Swamp:1  | Got a polished hand axe
 31064 | Swamp:1  | Identified the cursed +3 hand axe of Amortisation {venom, +Inv +Fly rN+ MR+} (You found it on level 1 of the Swamp)
 31220 | Snake:1  | Entered Level 1 of the Snake Pit
 31245 | Snake:1  | Found Neirel's Magic Scroll Shoppe.
 31300 | Snake:1  | Found Eliyxt's Gadget Shoppe.
 31325 | Snake:1  | Found Peud's Book Shop.
 31405 | Snake:1  | Gained Argrim as an ally
 32656 | D:14     | Bought a glowing morningstar for 128 gold pieces
 32839 | Swamp:2  | Reached skill level 15 in Fighting
 32959 | Swamp:2  | Noticed a thorn hunter
 32976 | Swamp:2  | Killed a thorn hunter
 34798 | Swamp:3  | Noticed a thorn hunter
 34822 | Swamp:3  | Killed a thorn hunter
 35020 | Swamp:4  | Entered Level 4 of the Swamp
 35671 | Swamp:4  | Reached XP level 17. HP: 142/156 MP: 29/29
 35993 | Swamp:4  | Noticed the 27-headed Lernaean hydra
 36193 | Swamp:4  | Killed the 27-headed Lernaean hydra
 36253 | Swamp:4  | Gained Hilgar as an ally
 36314 | Swamp:4  | Got a decaying rune of Zot
 36860 | Snake:1  | Gained Hawl as an ally
 37260 | Snake:1  | Found Umicvi's Assorted Antiques.
 37432 | Snake:1  | Found Wypnul's Antique Weapon Shop.
 37821 | Snake:2  | Found a shattered altar of Ashenzari.
 37846 | Snake:2  | Noticed Saint Roka
 37856 | Snake:2  | Killed Saint Roka
 37859 | Snake:2  | Noticed Aizul
 37868 | Snake:2  | Killed Aizul
 38216 | Snake:2  | Noticed Vashnia
 38231 | Snake:2  | Killed Vashnia
 38397 | Snake:2  | Gained Borgk as an ally
 38411 | Snake:2  | Your ally Hawl died
 38529 | Snake:2  | Reached skill level 15 in Armour
 39074 | Snake:3  | Gained Arkwar as an ally
 39146 | Snake:3  | Reached skill level 15 in Shields
 39157 | Snake:3  | Reached XP level 18. HP: 136/168 MP: 31/31
 39734 | Snake:4  | Entered Level 4 of the Snake Pit
 40394 | Snake:4  | Your ally Arkwar died
 40404 | Snake:4  | Your ally Gorbash died
 40407 | Snake:4  | Gained Ugbert as an ally
 40408 | Snake:4  | Your ally Hilgar died
 40411 | Snake:4  | Your ally Wulfoc died
 40412 | Snake:4  | Your ally Argrim died
 40412 | Snake:4  | Your ally Borgun died
 40614 | Snake:4  | Your ally Gorbash died
 40624 | Snake:4  | Gained Horkud as an ally
 40638 | Snake:4  | Your ally Ugbert died
 40642 | Snake:4  | Your ally Horkud died
 40643 | Snake:4  | Your ally Borgk died
 41713 | Snake:4  | Got a serpentine rune of Zot
 42232 | Elf:1    | Gained Alork as an ally
 42251 | Elf:1    | Reached skill level 1 in Dodging
 42577 | Elf:1    | Found Lurymid's Jewellery Boutique.
 42578 | Elf:1    | Found Bahoikla's Gadget Shoppe.
 42579 | Elf:1    | Found Eruzioh's Jewellery Boutique.
 43020 | Elf:1    | Your ally Alork died
 43221 | Elf:1    | Reached XP level 19. HP: 177/177 MP: 32/32
 43650 | Elf:1    | Got a faintly humming pearl dragon armour
 43662 | Elf:1    | Identified the +6 pearl dragon armour of a labyrinth {rF+ rN+} (You took it off an orc priest on level 1 of the Elven Halls)
 44085 | Elf:2    | Found Avamoq's Elven Fire.
 44145 | Elf:2    | Bought a +2 pair of gloves of fire resistance for 322 gold pieces
 44194 | Elf:2    | Found a runed gate.
 44198 | Elf:2    | Gained Olfrun as an ally
 44204 | Elf:2    | Found a runed gate.
 44204 | Elf:2    | Found a runed gate.
 44420 | Elf:2    | Your ally Olfrun died
 44526 | Elf:2    | Found Homaofapn's Antique Weapon Emporium.
 45038 | Elf:2    | Gained mutation: You are occasionally teleported next to monsters. [mutagenic glow]
 45228 | Elf:2    | Lost mutation: You are occasionally teleported next to monsters. [potion of cure mutation]
 45681 | Elf:3    | Entered Level 3 of the Elven Halls
 46014 | Elf:3    | Reached skill level 15 in Maces & Flails
 46532 | Elf:3    | Gained Bogfrid as an ally
 46880 | Elf:3    | Reached skill level 5 in Dodging
 47131 | Elf:3    | Noticed an Ice Fiend
 47133 | Elf:3    | Your ally Bogfrid died
 47175 | Elf:3    | Reached XP level 20. HP: 132/188 MP: 34/34
 47640 | Elf:3    | Identified Lahedun's Disquisition on Glacial Boosts
 47649 | Elf:3    | Identified Sif Muna's Handbook of Good Luck and Companions
 47686 | Elf:3    | Got a pitted war axe
 47687 | Elf:3    | Identified the +6 war axe "Fuos Zut" {pain, Str+4 Int+4} (You found it on level 3 of the Elven Halls)
 47716 | Elf:3    | Got a pitted helmet
 47727 | Elf:3    | Identified the cursed +0 helmet of Ybro {Int+4} (You found it on level 3 of the Elven Halls)
 48242 | Vaults:1 | Entered Level 1 of the Vaults
 48419 | Vaults:1 | Reached skill level 1 in Spellcasting
 49003 | Vaults:1 | Gained Marbork as an ally
 49830 | Vaults:2 | Your ally Marbork died
 49959 | Vaults:2 | Gained Berold as an ally
 50088 | Vaults:2 | Your ally Berold died
 50410 | Vaults:2 | Gained Oruk as an ally
 50579 | Vaults:2 | Reached XP level 21. HP: 93/198 MP: 35/35
 51017 | Vaults:2 | Reached skill level 1 in Charms
 51377 | Vaults:2 | Found a staircase to the Crypt.
 51377 | Vaults:2 | Found an ancient bone altar of Kikubaaqudgha.
 51378 | Vaults:2 | Found a basalt altar of Yredelemnul.
 51895 | Vaults:3 | Reached skill level 1 in Necromancy
 51931 | Vaults:3 | Gained Harm as an ally
 52414 | Vaults:3 | Noticed Frederick
 52425 | Vaults:3 | Killed Frederick
 52608 | Vaults:3 | Your ally Harm died
 52904 | Vaults:3 | Reached skill level 5 in Spellcasting
 53868 | Vaults:4 | Got a flickering turquoise ring
 53869 | Vaults:4 | Identified the ring "Nyuhog" {+Blink rElec rPois} (You found it on level 4 of the Vaults)
 54045 | Vaults:4 | Found Muwkugue's Book Shop.
 54051 | Vaults:4 | Noticed Sojobo
 54056 | Vaults:4 | Killed Sojobo
 54223 | Vaults:4 | Reached XP level 22. HP: 201/209 MP: 33/36
 54660 | Vaults:4 | Reached skill level 5 in Charms
 54714 | Vaults:4 | Reached skill level 5 in Necromancy
 55396 | Depths:1 | Entered Level 1 of the Depths
 55483 | Depths:1 | Got a flickering golden ring
 55484 | Depths:1 | Identified the ring of Ru's Favour {*Tele rC+} (You found it on level 1 of the Depths)
 55541 | Depths:1 | Found a one-way gate leading to the halls of Pandemonium.
 55646 | Depths:1 | Your ally Oruk died
 56830 | Depths:1 | Noticed Boris
 56851 | Depths:1 | Killed Boris
 56876 | Depths:1 | Identified a +8 rod of shadows (3/9) (You took it off Boris on level 1 of the Depths)
 56879 | Depths:1 | Noticed an ancient lich
 56894 | Depths:1 | Killed an ancient lich
 57083 | Depths:1 | Identified the Disquisition on Dusty Contamination
 57090 | Depths:1 | Learned a level 1 spell: Summon Butterflies
 57655 | Depths:2 | Found a gateway to a ziggurat.
 58297 | Depths:2 | Reached XP level 23. HP: 208/217 MP: 38/38
 58985 | Depths:2 | Paralysed by a giant eyeball for 3 turns
 59036 | Depths:2 | Reached XP level 24. HP: 225/225 MP: 34/38
 60066 | Depths:3 | Identified a scroll of acquirement
 62196 | Depths:4 | Found Irpha Codwo's Assorted Antiques.
 62261 | Depths:4 | Noticed Mara
 62266 | Depths:4 | Noticed mistymad's illusion
 62274 | Depths:4 | Killed Mara
 62298 | Depths:4 | Found Refum's Antique Armour Emporium.
 62468 | Depths:4 | Bought a pair of runed gloves for 112 gold pieces
 62666 | Depths:4 | Reached XP level 25. HP: 234/235 MP: 38/38
 63257 | Depths:4 | Found a corrupted altar of Lugonu.
 63257 | Depths:4 | Found a one-way gate to the infinite horrors of the Abyss.
 63513 | Depths:5 | Entered Level 5 of the Depths
 64159 | Depths:5 | Gained Warrok as an ally
 64232 | Depths:5 | Found a gate to the Realm of Zot.
 64436 | Depths:5 | Got an ancient halberd
 64438 | Depths:5 | Identified the +1 halberd of Okawaru {holy, rElec rF+++ Dex-5 Stlth-} (You found it on level 5 of the Depths)
 65319 | Snake:1  | Bought a scroll of remove curse for 45 gold pieces
 65319 | Snake:1  | Bought a scroll of recharging for 142 gold pieces
 65319 | Snake:1  | Bought a scroll of remove curse for 45 gold pieces
 65319 | Snake:1  | Bought a scroll of teleportation for 45 gold pieces
 65319 | Snake:1  | Bought a scroll of silence for 112 gold pieces
 65319 | Snake:1  | Bought a scroll of blinking for 112 gold pieces
 65319 | Snake:1  | Bought a scroll of remove curse for 45 gold pieces
 65319 | Snake:1  | Bought a scroll of recharging for 142 gold pieces
 65319 | Snake:1  | Bought a scroll of enchant weapon for 112 gold pieces
 65450 | Slime:1  | Entered Level 1 of the Pits of Slime
 65458 | Lair:6   | Gained Warbeogh as an ally
 66126 | Slime:2  | Gained mutation: You are agile. (Dex +2) [a shining eye]
 66736 | Slime:3  | Paralysed by a giant eyeball for 2 turns
 66746 | Slime:2  | Paralysed by a giant eyeball for 4 turns
 66755 | Slime:2  | Paralysed by a giant eyeball for 3 turns
 66764 | Slime:2  | Paralysed by a giant eyeball for 4 turns
 67530 | Slime:5  | Entered Level 5 of the Pits of Slime
 67652 | Slime:5  | Found a viscous altar of Jiyva.
 67653 | Slime:5  | Noticed the Royal Jelly
 67659 | Slime:5  | Killed the Royal Jelly
 67666 | Slime:5  | Gained mutation: You occasionally shout uncontrollably at your foes. [a shining eye]
 67667 | Slime:5  | Reached XP level 26. HP: 188/246 MP: 21/39
 67781 | Slime:5  | Identified the Catalogue of Evil Clay
 67908 | Slime:5  | Got a fine plate armour
 67909 | Slime:5  | Identified the +4 plate armour "Qank" {Str+4} (You found it on level 5 of the Pits of Slime)
 67939 | Slime:5  | Identified the Almanac of the Mountains and Talismans
 67947 | Slime:5  | Got a slimy rune of Zot
 67976 | Slime:5  | Gained mutation: Your spells are a little easier to cast, but a little less powerful. [a shining eye]
 68293 | D:11     | Bought a potion of berserk rage for 60 gold pieces
 68293 | D:11     | Bought a potion of resistance for 120 gold pieces
 68293 | D:11     | Bought a potion of curing for 36 gold pieces
 68293 | D:11     | Bought a potion of agility for 48 gold pieces
 68293 | D:11     | Bought a potion of curing for 36 gold pieces
 68293 | D:11     | Bought a potion of berserk rage for 60 gold pieces
 68293 | D:11     | Bought a potion of agility for 48 gold pieces
 68293 | D:11     | Bought a potion of haste for 120 gold pieces
 68293 | D:11     | Bought a potion of mutation for 30 gold pieces
 68293 | D:11     | Gained mutation: Your natural rate of healing is unusually fast. [potion of mutation]
 68293 | D:11     | Gained mutation: You have a pair of small horns on your head. [potion of mutation]
 68293 | D:11     | Lost mutation: You are agile. (Dex +2) [potion of mutation]
 68351 | D:14     | Bought a scroll of enchant weapon for 240 gold pieces
 68580 | Vaults:5 | Entered Level 5 of the Vaults
 68698 | Vaults:5 | Noticed an ancient lich
 69076 | Vaults:4 | Killed an ancient lich
 69258 | Vaults:5 | Noticed an ancient lich
 69551 | Vaults:5 | Your ally Warbeogh died
 69786 | Vaults:5 | Lost mutation: You occasionally shout uncontrollably at your foes. [potion of cure mutation]
 69786 | Vaults:5 | Lost mutation: Your spells are a little easier to cast, but a little less powerful. [potion of cure mutation]
 69786 | Vaults:5 | Lost mutation: You have a pair of small horns on your head. [potion of cure mutation]
 69786 | Vaults:5 | Lost mutation: Your natural rate of healing is unusually fast. [potion of cure mutation]
 69989 | Vaults:5 | Gained Ugrim as an ally
 70030 | Vaults:5 | Noticed Jorgrun
 70037 | Vaults:5 | Killed Jorgrun
 70039 | Vaults:5 | Gained Murdo as an ally
 70060 | Vaults:5 | Got a silver rune of Zot
 70138 | Vaults:5 | Killed an ancient lich
 70138 | Vaults:5 | Reached skill level 27 in Invocations
 70138 | Vaults:5 | Reached XP level 27. HP: 181/258 MP: 35/40
 70380 | Vaults:5 | Identified the Grimoire of Mutagenic Heat
 70511 | Vaults:5 | Got a brightly glowing platinum ring
 70516 | Vaults:5 | Found Xyru Kikh's Food Boutique.
 70959 | Vaults:5 | Identified the ring "Boagur" {+Fly rPois MR- Dex+8 Stlth-} (You took it off an ironbrand convoker on level 5 of the Vaults)
 71391 | Zot:1    | Entered Level 1 of the Realm of Zot
 72572 | Zot:2    | Noticed an ancient lich
 72574 | Zot:2    | Noticed an orb of fire
 72575 | Zot:2    | Noticed an ancient lich
 72577 | Zot:2    | Killed an orb of fire
 72577 | Zot:2    | Your ally Warrok died
 72590 | Zot:2    | Was placed under penance by Beogh
 72591 | Zot:2    | Killed an ancient lich
 73190 | Zot:1    | Killed an ancient lich
 74119 | Zot:2    | Was forgiven by Beogh
 74215 | Zot:2    | Gained mutation: You occasionally shout uncontrollably at your foes. [the plutonium sword]
 77063 | Zot:5    | Entered Level 5 of the Realm of Zot
 77125 | Zot:5    | Noticed an ancient lich
 77127 | Zot:5    | Gained Milork as an ally
 77127 | Zot:5    | Your ally Milork died
 77144 | Zot:5    | Killed an ancient lich
 77374 | Zot:5    | Noticed an ancient lich
 77383 | Zot:5    | Killed an ancient lich
 77494 | Zot:5    | Noticed Sapher's ghost (legendary OgBe)
 77519 | Zot:5    | Killed Sapher's ghost
 77668 | Zot:5    | Noticed an ancient lich
 77680 | Zot:5    | Killed an ancient lich
 77782 | Zot:5    | Noticed an ancient lich
 77798 | Zot:5    | Killed an ancient lich
 77807 | Zot:5    | Noticed an orb of fire
 77811 | Zot:5    | Killed an orb of fire
 78132 | Zot:5    | Noticed an ancient lich
 78152 | Zot:5    | Noticed an orb of fire
 78153 | Zot:5    | Killed an ancient lich
 78156 | Zot:5    | Gained mutation: You are weak. (Str -2) [an orb of fire]
 78158 | Zot:5    | Gained mutation: You are clumsy. (Dex -2) [an orb of fire]
 78160 | Zot:5    | Noticed an ancient lich
 78169 | Zot:5    | Gained mutation: Your spells are a little easier to cast, but a little less powerful. [an orb of fire]
 78177 | Zot:5    | Killed an orb of fire
 78182 | Zot:5    | Killed an ancient lich
 78182 | Zot:5    | Gained Brunolf as an ally
 78185 | Zot:5    | Your ally Brunolf died
 78500 | Zot:5    | Noticed an orb of fire
 78505 | Zot:5    | Gained mutation: You sometimes yell uncontrollably at your foes. [an orb of fire]
 78508 | Zot:5    | Noticed an orb of fire
 78515 | Zot:5    | Gained mutation: Your body sometimes deteriorates upon taking damage. [an orb of fire]
 78522 | Zot:5    | Gained mutation: You are dopey. (Int -2) [an orb of fire]
 78523 | Zot:5    | Gained mutation: Your magical capacity is low. (-10% MP) [an orb of fire]
 78531 | Zot:5    | Killed an orb of fire
 78537 | Zot:5    | Killed an orb of fire
 78798 | Zot:5    | Noticed an orb of fire
 78817 | Zot:5    | Gained mutation: You are very dopey. (Int -4) [an orb of fire]
 78827 | Zot:5    | Gained mutation: You expend magic power (3 MP) to strengthen your wands. [an orb of fire]
 78830 | Zot:5    | Gained mutation: You are frail. (-10% HP) [an orb of fire]
 78831 | Zot:5    | Killed an orb of fire
 78831 | Zot:5    | Reached skill level 27 in Fighting
 79728 | Zig:1    | Entered Level 1 of a ziggurat
 79762 | Zig:1    | Lost mutation: You are very dopey. (Int -4) [potion of cure mutation]
 79762 | Zig:1    | Lost mutation: Your body sometimes deteriorates upon taking damage. [potion of cure mutation]
 79763 | Zig:1    | Lost mutation: You are frail. (-10% HP) [potion of cure mutation]
 79763 | Zig:1    | Lost mutation: You are clumsy. (Dex -2) [potion of cure mutation]
 79763 | Zig:1    | Lost mutation: You sometimes yell uncontrollably at your foes. [potion of cure mutation]
 79763 | Zig:1    | Lost mutation: Your spells are a little easier to cast, but a little less powerful. [potion of cure mutation]
 79768 | Zig:2    | Entered Level 2 of a ziggurat
 79810 | Zig:3    | Entered Level 3 of a ziggurat
 79917 | Zig:4    | Entered Level 4 of a ziggurat
 80060 | Zig:5    | Entered Level 5 of a ziggurat
 80378 | Zig:6    | Entered Level 6 of a ziggurat
 80445 | Zig:6    | Identified the Incunabulum of the Destructive Snowflakes
 80452 | Zig:6    | Identified Maulipte's Volume of Enthralling Stones
 80482 | Zig:7    | Entered Level 7 of a ziggurat
 80541 | Zig:7    | HP: 9/273 [very large slime creature (27)]
 80582 | Zig:7    | Learned a level 2 spell: Song of Slaying
 80607 | Zig:7    | Identified a +0 pair of boots of running (You found it on level 7 of a ziggurat)
 81152 | Zot:5    | Got the Orb of Zot
 81201 | Zot:5    | Noticed a seraph
 81553 | Depths:3 | Gained mutation: Your magical capacity is very low. (-20% MP) [potion of mutation]
 81553 | Depths:3 | Lost mutation: You are dopey. (Int -2) [potion of mutation]
 81767 | Depths:2 | Noticed Dameh the pandemonium lord
 81798 | Depths:2 | Killed Dameh the pandemonium lord
 81817 | Depths:1 | Gained mutation: You are frail. (-10% HP) [a cacodemon]
 81822 | Depths:1 | Reached skill level 27 in Armour
 81847 | Depths:1 | Gained mutation: You regenerate slowly when monsters are visible. [potion of mutation]
 81847 | Depths:1 | Gained mutation: You are clumsy. (Dex -2) [potion of mutation]
 82130 | D:8      | Noticed Tuepheowee the pandemonium lord
 82141 | D:8      | Killed Tuepheowee the pandemonium lord
 82399 | D:8      | Noticed Isocs the pandemonium lord
 82462 | D:7      | Noticed Rodamist the pandemonium lord
 82463 | D:7      | Noticed an ancient lich
 82482 | D:7      | Noticed Waurudux the pandemonium lord
 82558 | D:6      | Noticed Xus Icos the pandemonium lord
 83455 | D:4      | Noticed Ceh Xomi the pandemonium lord
 83456 | D:4      | Noticed an ancient lich
 83470 | D:3      | Gained mutation: You are very clumsy. (Dex -4) [a neqoxec]
 83473 | D:3      | Gained mutation: You are dopey. (Int -2) [a neqoxec]
 83481 | D:3      | Killed from afar by a hellion

Vault maps used:
D:1:      scummos_arrival_hexagon, serial_park_tiny_1
D:2:      fedhas_altar_3
D:3:      first_bread
D:4:      serial_shops, kennysheep_mini, uniq_duvessa, uniq_robin
D:5:      marbit_many_paths, serial_shops, nicolae_shop_behind_doors,
          uniq_prince_ribbit1
D:6:      uniq_edmund
D:7:      overflow_temple_1_default, grunt_temple_overflow_open,
          lemuel_doored_altar, serial_shops, shop, nicolae_shop_behind_doors,
          shop
D:9:      nicolae_tso_carved_into_rock, zombieorc1_lemuel, uniq_pikel,
          uniq_erolcha
D:10:     lair_0_dummy
D:11:     serial_shops, nicolae_shop_behind_doors
D:12:     uniq_nergalle
D:13:     grunt_vaults_entry_tiered, serial_bayou, serial_bayou_shore_b,
          serial_bayou_pond_c, serial_bayou_pond_d, serial_bayou_pond_a
D:14:     serial_shops, shop_fountains, uniq_snorg
D:15:     gammafunk_depths_entry_grave, basic_altar,
          hangedman_decor_peaks_small, portal_ice_cave_entry_pillars_2,
          interstate_on_off
Temple:   nicolae_temple_god_jail
Lair:1:   grunt_forest_large_clearings, grunt_megastairs_1
Lair:2:   uniq_erica
Lair:3:   swamp_mist, zaba_antful_of_joy
Lair:4:   kennysheep_abandoned_house, guppyfry_snake_entry_garden, uniq_urug,
          uniq_sonja
Lair:5:   minivault_19, hibernation_bobbens, grunt_megastairs_5, uniq_rupert,
          uniq_nessos
Lair:6:   evil_forest, dpeg_slime_entry_enclosed_altar,
          grunt_forest_small_clearing_treed
Swamp:1:  evilmike_swamp_ruin_house_4, swamp_pool1, infiniplex_staircase_pool_2
Swamp:2:  evilmike_swamp_ruin_house_2, swamp_pool3
Swamp:3:  evilmike_swamp_ruin_house_5
Swamp:4:  swamp_old_school, swamp_pool4, hangedman_swamp_blocks
Snake:1:  serial_shops, shop, nicolae_shop_overgrown_old_shop, shop, shop, shop
Snake:2:  basic_altar, st_stairs_3, uniq_aizul, uniq_saint_roka, uniq_vashnia
Snake:4:  snake_pit, nicolae_snake_linked_coils
Slime:4:  nicolae_slime_barrier
Orc:1:    basic_altar
Orc:2:    pubby_orc_utopia, serial_shops
Elf:1:    minmay_shoctagon, portal_desolation_entry_holy_temple, orc_legates,
          hangedman_elven_crosses_minicolossus, minmay_shop_grove
Elf:2:    serial_shops, nicolae_shop_stone, amethyst_killhole, guppyfry_elf_lava
Elf:3:    minmay_elf_hall_statues
Vaults:1: v_misc_33, v_pattern_3, v_misc_2, vaults_mumra_chevron_long,
          vaults_room_corners, nicolae_vaults_display_case,
          ontoclasm_vaults_spin, v_alt_pattern_6, v_misc_22, vaults_dpeg_doors,
          vaults_room_semicircle, vaults_room_semicircle
Vaults:2: nicolae_vaults_shelves_hall, vaults_mumra_minichess_inversion,
          minmay_crypt_entry_necro_gods, vaults_room_fancy_cross,
          ontoclasm_vaults_bender, nicolae_vaults_diagonal_hallway_8,
          ontoclasm_vaults_eye, hangedman_vaults_nodes, vaults_mumra_chevron,
          nicolae_vaults_stairing_the_circle, hangedman_vaults_trim,
          ontoclasm_vaults_ring_small, vaults_room_fancy_cross, v_misc_3,
          nicolae_vaults_ring_of_whatevers, nicolae_vaults_little_squares_3,
          ontoclasm_vaults_gateway
Vaults:3: nicolae_vaults_rhombus_7, v_alt_pattern_5, ontoclasm_vaults_shuriken,
          nicolae_vaults_octagons, nicolae_vaults_network_periphery,
          ontoclasm_vaults_idyll, v_misc_8, ontoclasm_vaults_twist,
          nicolae_vaults_specimen_jars, nicolae_vaults_network_quinsquares,
          vaults_standard_mumra_x, uniq_frederick
Vaults:4: v_pattern_4, v_misc_15, vaults_standard_mumra_enter_the_diamond,
          v_misc_26, v_rooms_4, vaults_standard_mumra_enter_the_diamond,
          vaults_room_fours, serial_shops, nicolae_shop_statue_plus, uniq_sojobo
Vaults:5: uniq_jorgrun
Depths:1: constructs_gauntlet_mu_hangedman, grunt_pan_entry_zigzag, hell_entry,
          serial_bayou_lake_a, kennysheep_random_hallway
Depths:2: lemuel_river_lethe, hell_entry, pan_entry
Depths:3: kb_forest_paths, rand_demon_pan_entry_1, hell_entry,
          minmay_misc_feat_room, serial_bayou_shore_a,
          infiniplex_staircase_spiral
Depths:4: kennysheep_spiral_hall, serial_shops, shop, abyss_entry_flame_altar,
          pan_entry, hell_entry, infiniplex_staircase_pillars_1,
          minmay_shop_star, basic_stair_grate_trap, serial_bayou_shore_b,
          uniq_mara
Depths:5: grunt_zot_entry_gee_three, hell_entry, serial_bayou_shore_b,
          basic_stair_grate_trap
Zot:2:    hangedman_zot_vaults_quadrants, nicolae_lava_and_water,
          hangedman_spider_trapstep, basic_stair_grate_trap
Zot:5:    bh_zot_lava_cross
Zig:6:    ziggurat_pillar_centre_c
IceCv:    ice_cave_statue_garden_chambered

Skill      XL: |  1  2  3  4  5  6  7  8  9 10 11 12 13 14 15 16 17 18 19 20 21 22 23 24 25 26 27 |
---------------+----------------------------------------------------------------------------------+-----
Axes           | 3 4 5 6 7 8 9 11 13 14 15 | 15.2
Fighting       | 4 5 6 7 9 10 11 12 13 14 15 16 17 18 19 20 21 22 23 27 | 27.0
Armour         | 4 5 6 7 8 9 10 11 12 13 14 15 16 17 18 19 20 21 27 | 27.0
Shields        | 4 5 6 7 8 9 10 11 12 13 14 15 18 | 18.7
Invocations    | 3 5 7 9 10 12 15 17 18 19 20 21 22 23 25 27 | 27.0
Maces & Flails | 4 7 9 10 12 13 14 15 | 15.7
Dodging        | 2 5 6 8 9 |  9.6
Spellcasting   | 3 5 6 7 |  7.8
Charms         | 4 6 9 |  9.0
Necromancy     | 4 6 7 9 |  9.9

Action                   |  1- 3 |  4- 6 |  7- 9 | 10-12 | 13-15 | 16-18 | 19-21 | 22-24 | 25-27 || total
-------------------------+-------+-------+-------+-------+-------+-------+-------+-------+-------++-------
Melee: War axe           |   170 |    79 |       |    13 |       |       |       |       |       ||   262
       Whip              |       |   160 |   495 |  1177 |  1109 |       |       |       |       ||  2941
       Flail             |       |       |    48 |    26 |   892 |   350 |       |       |       ||  1316
       Morningstar       |       |       |       |       |       |  1429 |   465 |   102 |    57 ||  2053
       Eveningstar       |       |       |       |       |       |       |  1415 |  1586 |  3377 ||  6378
       Headbutt          |       |       |       |       |       |       |       |       |    84 ||    84
 Fire: Blowgun           |       |       |       |       |     4 |       |       |       |       ||     4
Throw: Tomahawk          |       |     1 |       |     1 |     1 |       |       |       |       ||     3
 Cast: Repel Missiles    |       |       |       |       |       |       |     6 |     6 |    20 ||    32
       Regeneration      |       |       |       |       |       |       |     1 |    19 |    26 ||    46
Invok: Convert to Beogh  |       |       |     1 |       |       |       |       |       |       ||     1
       Smiting           |       |       |       |     6 |    41 |    50 |    55 |    23 |    86 ||   261
       Recall Orcish Fol |       |       |       |       |    26 |    17 |     7 |     8 |     3 ||    61
       Give Item to Name |       |       |       |       |     1 |     1 |     5 |       |     3 ||    10
       Stop Recall       |       |       |       |       |       |     6 |       |       |       ||     6
 Abil: Evoke Invisibilit |       |       |       |       |     1 |       |     7 |       |     1 ||     9
       Evoke Flight      |       |       |       |       |       |     2 |       |       |       ||     2
Evoke: Wand              |       |       |       |     1 |     6 |     7 |     1 |     5 |     8 ||    28
  Use: Scroll            |       |       |       |    33 |    17 |     7 |     9 |    13 |    45 ||   124
       Potion            |       |       |       |       |     8 |     7 |     3 |     2 |    25 ||    45
 Stab: Distracted        |       |       |       |       |    14 |     9 |     5 |     6 |    11 ||    45
       Paralysed         |       |       |       |       |     4 |     8 |       |     1 |       ||    13
       Invisible         |       |       |       |       |     2 |       |    19 |       |     7 ||    28
       Confused          |       |       |       |       |       |     3 |       |       |     2 ||     5
  Eat: Chunk             |     2 |     7 |    15 |    23 |    47 |    28 |    38 |    21 |    30 ||   211
       Pizza             |       |       |     1 |       |     2 |     1 |       |     3 |     2 ||     9
       Fruit             |       |       |     3 |     2 |       |     4 |       |     6 |    43 ||    58
       Royal jelly       |       |       |     1 |       |       |     1 |     2 |       |     3 ||     7
       Beef jerky        |       |       |       |       |       |     9 |       |     1 |     6 ||    16
       Bread ration      |       |       |       |       |       |       |       |       |     1 ||     1
Armor: Scale mail        |    92 |   130 |   231 |    43 |       |       |       |       |       ||   496
       Chain mail        |       |       |       |   403 |   245 |       |       |       |       ||   648
       Skin              |       |       |       |       |    10 |       |       |       |     3 ||    13
       Plate armour      |       |       |       |       |   429 |    20 |       |       |       ||   449
       Ice dragon armour |       |       |       |       |       |   929 |    64 |       |       ||   993
       Pearl dragon armo |       |       |       |       |       |       |   627 |   746 |    42 ||  1415
       Gold dragon armou |       |       |       |       |       |       |       |       |  2141 ||  2141
Dodge: Dodged            |    57 |    64 |   121 |   252 |   336 |   529 |   556 |   667 |  1185 ||  3767
       Deflected         |       |       |       |       |       |       |    12 |    14 |    45 ||    71
Block: Shield            |    97 |   134 |   219 |   612 |   926 |  1201 |   941 |  1031 |  2475 ||  7636
